Map: 벨시르 잔재 (공허)

Players

Stats - Winner!

  • Race: Protoss Protoss
  • Spawn Location: 11:00

TYTY (TY)

  • Race: Terran Terran
  • Spawn Location: 5:00

Event: IEM XI Katowice - World Championship 2017

VOD

Have the link to the VOD?

Description

Time

  • Played on: March 2, 2017, 1:03 a.m.
  • Length: 8:50

All games in this series

Show
View Real Time Build Order
Export as new Build Order

Stats Protoss - Winner!

Build Orders: 1 Gate Expand, Oracle Opening 

Get SALT Encoding   

  12  0:00  Probe (Chrono Boost)  
  13  0:11  Probe (Chrono Boost)  
  14  0:16  Pylon  
  14  0:21  Probe (Chrono Boost)  
  15  0:35  Gateway, Probe (Chrono Boost)  
  16  0:41  Assimilator  
  16  0:45  Probe (Chrono Boost)  
  17  0:56  Probe (Chrono Boost)  
  18  1:06  Probe (Chrono Boost)  
  19  1:17  Nexus  
  19  1:28  Cybernetics Core  
  19  1:31  Probe (Chrono Boost)  
  20  1:38  Assimilator  
  20  1:42  Probe (Chrono Boost)  
  21  1:49  Pylon  
  21  1:52  Probe (Chrono Boost)  
  22  2:03  Probe (Chrono Boost)  
  22  2:06  Warp Gate  
  22  2:07  Adept  
  25  2:13  Probe (Chrono Boost)  
  26  2:24  Probe (Chrono Boost)  
  26  2:27  Stargate  
  26  2:29  Probe (Chrono Boost)  
  28  2:34  Probe (Chrono Boost)  
  28  2:35  Adept  
  31  2:40  Probe (Chrono Boost)  
  32  2:45  Probe (Chrono Boost)  
  32  2:50  Probe (Chrono Boost)  
  34  2:55  Probe (Chrono Boost)  
  35  3:01  Probe (Chrono Boost)  
  36  3:05  Oracle  
  36  3:07  Probe (Chrono Boost)  
  36  3:12  Probe (Chrono Boost)  
  41  3:19  Nexus  
  42  3:20  Probe (Chrono Boost)  
  42  3:22  Probe (Chrono Boost)  
  43  3:29  Pylon  
  43  3:32  Probe (Chrono Boost)  
  43  3:33  Probe (Chrono Boost)  
  45  3:41  Gateway x2  
  45  3:43  Probe (Chrono Boost)  
  45  3:47  Probe (Chrono Boost)  
  47  3:54  Assimilator, Mothership Core (Chrono Boost)  
  47  3:55  Assimilator  
  49  3:56  Oracle  
  49  3:59  Probe (Chrono Boost)  
  53  4:08  Pylon  
  54  4:11  Probe (Chrono Boost)  
  54  4:24  Pylon  
  54  4:26  Probe (Chrono Boost)  
  54  4:27  Adept  
  57  4:37  Probe (Chrono Boost)  
  57  4:38  Probe (Chrono Boost)  
  57  4:40  Twilight Council  
  57  4:41  Forge  
  57  4:47  Probe (Chrono Boost)  
  57  4:50  Adept x3, Probe (Chrono Boost)  
  60  4:54  Probe (Chrono Boost)  
  60  4:58  Probe (Chrono Boost)  
  60  5:01  Protoss Ground Weapons Level 1  
  60  5:02  Probe (Chrono Boost)  
  60  5:03  Resonating Glaives  
  60  5:04  Phoenix  
  60  5:06  Probe (Chrono Boost)  
  62  5:08  Probe (Chrono Boost)  
  66  5:14  Pylon, Probe (Chrono Boost)  
  66  5:19  Adept x3  
  72  5:23  Probe x2 (Chrono Boost)  
  72  5:26  Phoenix, Probe (Chrono Boost)  
  74  5:36  Gateway x2  
  74  5:37  Gateway  
  74  5:40  Gateway  
  74  5:41  Gateway  
  74  5:45  Robotics Facility  
  74  5:48  Phoenix  
  74  5:52  Probe (Chrono Boost)  
  74  5:53  Probe (Chrono Boost)  
  74  5:54  Probe (Chrono Boost)  
  74  5:56  Pylon  
  79  6:03  Adept x3  
  85  6:09  Probe x3 (Chrono Boost)  
  88  6:11  Phoenix  
  90  6:18  Pylon  
  90  6:20  Pylon  
  90  6:23  Pylon  
  90  6:30  Adept x3  
  96  6:33  Phoenix  
  96  6:36  Adept x3  
  103  6:44  Observer  
  104  6:49  Protoss Ground Armor Level 1  
  104  6:55  Phoenix  
  104  6:59  Pylon  
  104  7:00  Pylon  
  102  7:03  Adept x4  
  102  7:04  Adept x2  
  102  7:07  Adept  
  116  7:16  Phoenix  
  104  7:31  Warp Prism  
  104  7:34  Adept x3  
  104  7:35  Adept x4  
  106  7:38  Adept, Phoenix  
  106  7:50  Assimilator  
  106  7:52  Assimilator  
  106  7:54  Pylon  
  106  7:55  Pylon  
  106  7:56  Adept x5  
  106  7:57  Adept x2  
  120  7:58  Adept  
  122  8:06  Phoenix  
  124  8:17  Pylon  
  124  8:19  Pylon  
  124  8:26  Adept  
  124  8:27  Adept x7  
Show
View Real Time Build Order
Export as new Build Order

TYTY Terran 

Build Orders: Command Center First (CC), MMM Bio 

Get SALT Encoding   

  12  0:00  SCV  
  13  0:12  SCV  
  14  0:18  Supply Depot  
  14  0:24  SCV  
  15  0:39  SCV  
  16  0:52  SCV  
  17  0:59  Command Center  
  17  1:04  SCV  
  18  1:12  Barracks  
  18  1:16  SCV  
  19  1:25  Barracks  
  19  1:28  SCV  
  20  1:41  Barracks  
  20  1:42  SCV  
  21  1:58  Marine  
  21  1:59  Orbital Command  
  22  2:13  Orbital Command  
  22  2:14  Marine  
  23  2:16  Marine  
  23  2:21  Refinery  
  24  2:24  Refinery  
  24  2:25  SCV  
  24  2:28  Marine  
  26  2:32  Marine  
  26  2:34  Marine  
  28  2:37  SCV  
  28  2:38  SCV  
  30  2:46  Marine, Supply Depot  
  30  2:49  SCV  
  30  2:50  Marine, SCV  
  34  2:53  Barracks Tech Lab  
  34  3:01  SCV  
  34  3:02  SCV  
  34  3:04  Marine  
  37  3:07  Marine  
  37  3:09  Supply Depot  
  40  3:12  Marauder  
  40  3:13  SCV  
  40  3:17  SCV  
  40  3:18  Stimpack  
  42  3:24  Marine  
  42  3:25  Marine  
  42  3:26  SCV  
  45  3:32  SCV  
  46  3:35  Marine  
  46  3:38  SCV  
  48  3:42  Factory  
  48  3:44  Marine, SCV, Supply Depot  
  51  3:55  SCV  
  51  3:56  SCV  
  51  3:59  Command Center  
  51  4:02  Barracks Reactor  
  51  4:03  Marine, Barracks Tech Lab  
  51  4:07  SCV  
  53  4:10  Refinery  
  53  4:15  Marine x2  
  53  4:17  SCV  
  53  4:19  SCV  
  53  4:21  Marine  
  50  4:27  Widow Mine  
  50  4:29  SCV, Starport  
  48  4:33  Marine  
  48  4:36  SCV  
  49  4:40  Marine  
  49  4:41  SCV  
  46  4:48  SCV  
  46  4:49  Marine  
  46  4:51  Marine  
  46  4:54  SCV  
  46  4:57  Factory Reactor  
  46  4:59  Marine  
  47  5:00  SCV  
  47  5:03  Engineering Bay  
  47  5:06  Marine, SCV  
  48  5:09  Starport Reactor  
  48  5:12  SCV, Orbital Command  
  49  5:17  Barracks Reactor x2  
  49  5:18  SCV  
  50  5:22  Combat Shields  
  50  5:24  SCV  
  50  5:30  Terran Infantry Weapons Level 1  
  50  5:31  SCV  
  50  5:33  Widow Mine x2  
  50  5:35  Marine  
  56  5:37  SCV  
  56  5:38  SCV  
  56  5:42  Refinery  
  58  5:43  SCV  
  58  5:46  Medivac  
  58  5:48  Medivac  
  58  5:49  SCV  
  64  5:50  SCV  
  64  5:53  Marine  
  64  5:55  Marine, SCV  
  70  6:01  SCV  
  70  6:02  Supply Depot  
  70  6:04  Widow Mine x2  
  71  6:06  SCV  
  71  6:07  SCV  
  77  6:13  Supply Depot x2  
  77  6:15  SCV  
  77  6:17  Barracks x2  
  75  6:23  Marine x3  
  75  6:25  Supply Depot, SCV  
  79  6:26  Supply Depot  
  79  6:29  SCV x2  
  79  6:30  Medivac  
  79  6:31  Marine  
  84  6:36  Widow Mine x2  
  84  6:37  SCV  
  84  6:38  Marine  
  90  6:45  SCV x2  
  90  6:47  Liberator x2  
  91  6:49  Marine x4  
  95  6:56  Marine, SCV  
  99  7:06  SCV x2  
  99  7:07  Marine x4  
  107  7:10  Barracks Tech Lab  
  107  7:14  Marauder  
  109  7:15  SCV  
  109  7:18  SCV  
  106  7:26  Marine x2  
  106  7:28  SCV x2  
  99  7:30  Widow Mine  
  99  7:31  Widow Mine  
  99  7:36  Marine x2, Marauder  
  102  7:41  SCV x2  
  102  7:42  Missile Turret, SCV  
  102  7:48  Missile Turret, Barracks Tech Lab  
  102  7:49  Marauder  
  101  7:55  Medivac x2  
  101  7:57  Marauder  
  101  7:58  Marine x2  
  108  7:59  Marine x2  
  108  8:03  Supply Depot  
  111  8:08  Marauder  
  111  8:11  Marauder  
  115  8:17  Missile Turret  
  115  8:18  Marine  
  115  8:19  Marine  
  117  8:25  Marine x2, Marauder  
  114  8:32  Marine, SCV  
  114  8:33  SCV  

Tags
 
Add a new tag
Caveats
  • Supply blocks, unpowered buildings, or Contaminate may cause inaccurate times.
  • Supply counts are checked every 10 seconds.